 Dungeon Crawl Stone Soup version 0.19-a0-1850-g63fd1ff (webtiles) character file.

182 Arkorax the Ruffian (level 5, -2/49 HPs)
             Began as a Naga Wanderer on Oct 10, 2016.
             Killed from afar by Ijyb (8 damage)
             ... with a wand of flame
             ... on level 2 of the Dungeon.
             The game lasted 00:01:25 (1500 turns).

Arkorax the Ruffian (Naga Wanderer)                 Turns: 1500, Time: 00:01:25

Health: -2/49      AC:  3    Str: 16    XL:     5   Next: 62%
Magic:  6/6        EV:  9    Int: 10    God:
Gold:   91         SH:  0    Dex: 12    Spells: 0 memorised, 6 levels left

rFire  . . .     SeeInvis +     a - +2 spear
rCold  . . .     Gourm    .     c - +0 robe
rNeg   . . .     Faith    .     (no shield)
rPois  +         Spirit   .     (no helmet)
rElec  .         Dismiss  .     g - +0 cloak
rCorr  .         Reflect  .     (no gloves)
MR     .....     Harm     .     (no barding)
Stlth  ++........               (no amulet)
                                (no ring)
                                (no ring)

@: short of breath, flying, very slow
A: see invisible, deformed body, poison resistance, slowness 2, slow metabolism
1, spit poison 1, AC +1
a: Spit Poison


You were on level 2 of the Dungeon.
You were not hungry.

You visited 1 branch of the dungeon, and saw 2 of its levels.

You collected 91 gold pieces.

Inventory:

Hand Weapons
 a - a +2 spear (weapon)
Armour
 c - a +0 robe (worn)
 g - a +0 cloak (worn)
Scrolls
 b - 2 scrolls of teleportation {unknown}
 e - a scroll of enchant weapon {unknown}
 f - 2 scrolls of enchant armour {unknown}
 h - 3 scrolls of amnesia {unknown}
 l - a scroll of blinking {unknown}
 m - a scroll of magic mapping {unknown}
 n - a scroll of remove curse {unknown}
Comestibles
 d - 2 bread rations {!e}
 i - 2 meat rations {!e}
 k - 9 fruits


   Skills:
 + Level 3.1 Fighting
 + Level 2.2 Armour
 - Level 1.5 Stealth
 * Level 3.6 Unarmed Combat
 - Level 1.0 Spellcasting
   Level 2.0 Charms
   Level 2.0 Air Magic
   Level 1.0 Evocations


You had 6 spell levels left.
You didn't know any spells.

Dungeon Overview and Level Annotations

Branches:
Dungeon (2/15)

Altars:

Annotations:
D:2 Ijyb


Innate Abilities, Weirdness & Mutations

You cannot wear boots.
Your serpentine skin is tough. (AC +1)
You have supernaturally acute eyesight. (SInv)
Armour fits poorly on your strangely shaped body.
Your system is resistant to poisons. (rPois)
You cover ground very slowly.
You have a slow metabolism.
You can spit poison.


Message History

Attack whom?
Press: ? - help, Dir - move target cursor, f - Ijyb
Aim: Ijyb, wielding a club and carrying a wand of flame {zapped: 1} You reach to attack!
You completely miss Ijyb.
Ijyb zaps a wand.
The puff of flame hits you!
Damage: 10 (max 10) Attack whom?
Press: ? - help, Dir - move target cursor, f/p - Ijyb
Aim: Ijyb, wielding a club and carrying a wand of flame {zapped: 2} You reach to attack!
You miss Ijyb.
Ijyb zaps a wand.
The puff of flame hits you!
Damage: 4 (max 10) Unknown command.
A kobold comes into view. It is wielding a club.
You see here a goblin corpse.
It was a potion of flight.
You feel very buoyant.
You fly up into the air.
Ijyb barely misses you. The hobgoblin closely misses you.
Unknown command.
Unknown command.
You closely miss Ijyb.
Ijyb zaps a wand.
The puff of flame hits you!
* * * LOW HITPOINT WARNING * * *
The hobgoblin hits you.
* * * LOW HITPOINT WARNING * * *
Damage: 11 (max 11) Unknown command.
The kobold shouts!
You hit Ijyb.
Ijyb is moderately wounded.
Ijyb hits you with a club.
* * * LOW HITPOINT WARNING * * *
The hobgoblin hits you.
* * * LOW HITPOINT WARNING * * *
A hobgoblin comes into view.
Damage: 8 (max 11)
Press: ? - help, Shift-Dir - straight line, f/p - Ijyb
Aim: Ijyb, wielding a club and carrying a wand of flame {zapped: 4} (moderately wounded)
The splash of poison hits Ijyb.
Ijyb is moderately wounded.
You feel slightly more hungry. Ijyb hits you but does no damage.
The hobgoblin hits you.
* * * LOW HITPOINT WARNING * * *
Damage: 1 (max 11) Unknown command.
Evoke which item? (* to show all) (? for menu, Esc to quit)
Okay, then.
The hobgoblin shouts!
Ijyb zaps a wand.
The puff of flame hits you!
You die...

##.###.####.#
##.#..# #
##<#.# # ###.#
.#
#####.####.#
#..........#
#.##.......#..
#.#.........
#.#@.##.#...
#.#†.# # ..
#.....gg.%#
#..##..K..#
#.##..# #g
#..# #. ..# .
... # ####


You could see Ijyb, 2 hobgoblins and a kobold.

Vanquished Creatures
  Sigmund (D:2)
  A leopard gecko (D:1)
  A ball python (D:1)
  3 bats
  6 goblins
  4 hobgoblins
  A quokka (D:2)
  2 frilled lizards
  3 rats
22 creatures vanquished.

Notes
Turn   | Place    | Note
-------+----------+-------------------------------------------
     0 | D:1      | Arkorax the Naga Wanderer began the quest for the Orb.
     0 | D:1      | Arkorax set off with: a +2 spear, a potion of lignification {!q}, a +0 robe, a bread ration {!e}
     0 | D:1      | Reached XP level 1. HP: 19/19 MP: 2/2
   305 | D:1      | Reached skill level 1 in Unarmed Combat
   400 | D:1      | Reached XP level 2. HP: 24/26 MP: 3/3
   473 | D:1      | HP: 7/26 [hobgoblin (1)]
   476 | D:1      | HP: 3/26 [hobgoblin (2)]
  1206 | D:2      | Reached XP level 3. HP: 23/33 MP: 4/4
  1215 | D:2      | Noticed Sigmund
  1234 | D:2      | Killed Sigmund
  1234 | D:2      | Reached skill level 3 in Fighting
  1234 | D:2      | Reached skill level 2 in Armour
  1234 | D:2      | Reached skill level 3 in Unarmed Combat
  1234 | D:2      | Reached XP level 4. HP: 42/42 MP: 5/5
  1234 | D:2      | Reached XP level 5. HP: 49/49 MP: 6/6
  1491 | D:2      | Noticed Ijyb
  1498 | D:2      | HP: 11/49 [Ijyb/club (4)]
  1500 | D:2      | Killed from afar by Ijyb

Vault maps used:
D:1:      sevenhm_arrival_forest_fort_small_1, hangedman_decor_slide_cut
D:2:      uniq_sigmund, uniq_crazy_yiuf_cottage, uniq_iyjb

Skill      XL: |  1  2  3 |
---------------+----------+-----
Unarmed Combat | 1 3 |  3.6
Fighting       | 3 |  3.1
Armour         | 2 |  2.2
Stealth        | |  1.5
Spellcasting   | |  1.0
Charms         | |  2.0
Air Magic      | |  2.0
Evocations     | |  1.0

Action                   |  1- 3 |  4- 6 || total
-------------------------+-------+-------++-------
Melee: Spear             |    87 |     7 ||    94
       Punch             |     1 |       ||     1
 Abil: Spit Poison       |     1 |     1 ||     2
  Use: Potion            |     1 |     1 ||     2
 Stab: Sleeping          |     5 |       ||     5
  Eat: Chunk             |       |     1 ||     1
Armor: Robe              |    22 |     2 ||    24
       Skin              |     8 |       ||     8
Dodge: Dodged            |    28 |     2 ||    30

Table legend:
 A = Turns spent in this place as a percentage of turns spent in the entire game.
 B = Non-inter-level travel turns spent in this place as a percentage of non-inter-level travel turns spent in the entire game.
 C = Inter-level travel turns spent in this place as a percentage of turns spent in this place.
 D = Turns resting spent in this place as a percentage of non-inter-level travel turns spent in this place.
 E = Turns spent auto-exploring this place as a percentage of non-inter-level travel turns spent in this place.
 F = Non-inter-level travel turns spent in this place divided by the number of levels of this place that you've seen.
                   A       B       C       D       E      F
               +-------+-------+-------+-------+-------+----------------------
         Total | 100.0 | 100.0 |   0.5 |   2.3 |  11.1 | 220.0
       Dungeon | 100.0 | 100.0 |   0.5 |   2.3 |  11.1 | 220.0
               +-------+-------+-------+-------+-------+----------------------

Vault maps used:
D:1:      sevenhm_arrival_forest_fort_small_1, hangedman_decor_slide_cut
D:2:      uniq_sigmund, uniq_crazy_yiuf_cottage, uniq_iyjb
